 Dungeon Crawl Stone Soup version 0.26-a0-21-gf97e55dc39 (webtiles) character file.

Game seed: 3325523723797425899, levelgen mode: deterministic

6458 nila the Martial Artist (level 11, -14/84 HPs)
             Began as a Merfolk Transmuter on May 26, 2020.
             Was a Believer of Makhleb.
             Demolished by a two-headed ogre
             ... wielding a +0 giant club
              (29 damage)
             ... on level 10 of the Dungeon.
             The game lasted 00:42:41 (13061 turns).

nila the Martial Artist (Merfolk Transmuter)       Turns: 13061, Time: 00:42:42

Health: -14/84     AC:  6    Str: 11    XL:     11   Next: 0%
Magic:  11/14      EV: 17    Int: 19    God:    Makhleb [**....]
Gold:   171        SH:  0    Dex: 17    Spells: 4/14 levels left

rFire    x . .     SeeInvis .     - Unarmed
rCold    + + +     Gourm    .   (shield currently unavailable)
rNeg     . . .     Faith    .   (armour currently unavailable)
rPois    +         Spirit   .   (helmet currently unavailable)
rElec    .         Reflect  .   (cloak currently unavailable)
rCorr    .         Harm     .   (gloves currently unavailable)
MR       .....                  (boots currently unavailable)
Stlth    ++........             (no amulet)
HPRegen  0.24/turn              e - ring of wizardry
MPRegen  0.14/turn              p - +6 ring of intelligence

@: ice-form
A: large, (change form in water), (swift swim), (stealthy swim)
a: End Transformation, Minor Destruction, Renounce Religion


You were on level 10 of the Dungeon.
You worshipped Makhleb.
Makhleb was pleased with you.
You were not hungry.
You were a creature of crystalline ice.
You visited 2 branches of the dungeon, and saw 11 of its levels.

You collected 449 gold pieces.
You spent 278 gold pieces at shops.

Inventory:

Missiles
 a - 111 arrows
Armour
 b - a +0 robe
 m - a +0 pair of boots (melded)
 n - a +0 buckler
 v - +1 steam dragon scales (melded)
Jewellery
 e - a ring of wizardry (left front paw)
 i - an uncursed ring of protection from magic
 k - a +6 ring of strength
 p - a +6 ring of intelligence (right front paw)
 C - an uncursed ring of ice
Wands
 w - a wand of digging (4)
 y - a wand of acid (2)
 A - a wand of clouds (1)
Scrolls
 c - 2 scrolls of fear
 f - 6 scrolls of amnesia
 h - 4 scrolls of magic mapping
 j - a scroll of fog
 x - 6 scrolls of identify
 B - 3 scrolls of teleportation
Potions
 g - 4 potions of stabbing
 l - 2 potions of brilliance
 o - 3 potions of ambrosia
 r - 2 potions of magic
 s - 7 potions of flight
 t - 3 potions of degeneration
 u - 2 potions of might
Comestibles
 d - 14 rations
 q - 3 chunks of flesh


   Skills:
 - Level 1.1 Fighting
 - Level 11.0 Dodging
 * Level 13.2 Unarmed Combat
 - Level 2.0 Spellcasting
 * Level 7.8 Transmutations
 + Level 3.2 Ice Magic
 - Level 3.0 Poison Magic


You had 4 spell levels left.
You knew the following spells:

 Your Spells              Type           Power        Failure   Level  Hunger
a - Beastly Appendage     Tmut           ####..       1%          1    #......
b - Sticks to Snakes      Tmut           ####....     1%          2    ###....
c - Spider Form           Tmut/Pois      ###.......   2%          3    ###....
d - Ice Form              Ice/Tmut       ###.....     7%          4    #####..

Your spell library contained the following spells:

 Spells                   Type           Power        Failure   Level  Hunger
 Sting                    Tmut/Pois      ###.         1%          1    #......
 Ensorcelled Hibernation  Hex/Ice        #.....       5%          2    ###....
 Corona                   Hex            #......      7%          1    #......
 Magic Dart               Conj           #...         7%          1    #......
 Shock                    Conj/Air       #...         7%          1    #......
 Summon Small Mammal      Summ           #...         7%          1    #......
 Call Imp                 Summ           #.......     11%         2    ###....
 Searing Ray              Conj           #.....       11%         2    ###....
 Slow                     Hex            #.......     11%         2    ###....
 Swiftness                Chrm/Air       #.......     11%         2    ###....
 Petrify                  Tmut/Erth      ###.....     13%         4    #####..
 Call Canine Familiar     Summ           #.......     21%         3    ###....
 Confusing Touch          Hex            #.......     21%         3    ###....
 Dazzling Flash           Conj/Hex       #.....       21%         3    ###....
 Gell's Gravitas          Tloc           #.........   21%         3    ###....
 Inner Flame              Hex/Fire       #.......     21%         3    ###....
 Portal Projectile        Hex/Tloc       #.....       21%         3    ###....
 Static Discharge         Conj/Air       #.......     21%         3    ###....
 Summon Guardian Golem    Hex/Summ       #.......     21%         3    ###....
 Tukima's Dance           Hex            #.......     21%         3    ###....
 Summon Ice Beast         Ice/Summ       #.......     32%         4    #####..
 Airstrike                Air            #.........   52%         4    #####..
 Cause Fear               Hex            #.........   52%         4    #####..
 Fulminant Prism          Conj/Hex       #.........   52%         4    #####..
 Iskenderun's Mystic Bla  Conj/Tloc      #.......     52%         4    #####..
 Leda's Liquefaction      Hex/Erth       #.........   52%         4    #####..
 Summon Lightning Spire   Summ/Air       #.......     52%         4    #####..
 Blade Hands              Tmut           ####......   8%          5    ######.
 Yara's Violent Unravell  Hex/Tmut       ###.......   34%         5    ######.
 Metabolic Englaciation   Hex/Ice        #.........   65%         5    ######.
 Lightning Bolt           Conj/Air       #.........   86%         5    ######.


Dungeon Overview and Level Annotations

Branches:
Dungeon (10/15)            Temple (1/1) D:5
   Lair: D:8-11         Orc: D:9-12

Altars:
Ashenzari
Cheibriados
Dithmenos
Elyvilon
Fedhas
Gozag
Hepliaklqana
Kikubaaqudgha
Makhleb
Nemelex Xobeh
Okawaru
Qazlal
Ru
Sif Muna
Trog
Uskayaw
Vehumet
Wu Jian
Xom
Yredelemnul
Zin
The Shining One

Shops:
D:5 (   D:6 *   D:8 [   D:9 ?

Annotations:
D:1 exclusion: downstairs
D:2 Terence
D:3 Sigmund
D:8 3 runed translucent doors, WobbleTop's ghost, novice SpEn
D:10 Joseph


Message History

Confirm with . or Enter, or press ? or * to list all spells.
You turn into a creature of crystalline ice.
Your +0 pair of boots melds into your body.
Your +1 steam dragon scales melds into your body.
The two-headed ogre shouts in stereo!
Found an escape hatch in the floor.
The two-headed ogre hits you with a +0 giant club!
The two-headed ogre closely misses you.
You punch the two-headed ogre! You freeze the two-headed ogre.
The two-headed ogre is moderately wounded.
The two-headed ogre hits you with a +0 giant club!
The two-headed ogre hits you with a +0 giant club!!
You pummel the two-headed ogre!! You freeze the two-headed ogre!
The two-headed ogre is severely wounded.
You hit the two-headed ogre. You freeze the two-headed ogre.
The two-headed ogre is severely wounded.
The two-headed ogre hits you with a +0 giant club!!
* * * LOW HITPOINT WARNING * * *
The two-headed ogre hits you with a +0 giant club!!
You die...

# #รท# .. ..# #.#
.#.. #.+ #.#
...###.# #.#
#.....#####.#
#...........#
#........#..#
#........#..#
#.##OY......#
#....>.........
.................
..##..........#..
.
......##+##.....
.......# ....
........# ###
.....>..#


You could see a two-headed ogre.

Vanquished Creatures
  A two-headed ogre (D:9)
  Pikel (D:9)
  Psyche (D:8)
  Maggie (D:6)
  A troll (D:9)
  2 hippogriffs
  Grum (D:9)
  A water moccasin (D:9)
  3 orc warriors
  An ice beast (D:7)
  2 slaves (D:9)
  3 black bears
  A necrophage (D:10)
  A sky beast (D:8)
  5 ogres
  3 phantoms
  4 wolves (D:9)
  3 centaurs
  5 bullfrogs
  A gnoll sergeant (D:7)
  2 scorpions (D:9)
  6 killer bees (D:9)
  4 howler monkeys
  A jelly (D:9)
  3 crimson imps
  A bullfrog zombie (D:6)
  A quasit (D:9)
  5 hounds
  3 bullfrog skeletons
  2 orc priests
  2 iguanas
  5 orc wizards
  2 worker ants
  A killer bee zombie (D:7)
  2 hound skeletons (D:4)
  8 gnolls
  5 adders
  3 shadow imps
  2 adder skeletons
  2 worms
  6 dart slugs
  5 leopard geckos
  15 orcs
  A ball python (D:2)
  3 giant cockroaches
  3 goblins
  10 hobgoblins
  6 jackals
  3 kobolds
  3 quokkas
  4 bats
  3 frilled lizards
  A jackal skeleton (D:8)
  A leopard gecko skeleton (D:4)
  A quokka skeleton (D:4)
  6 rats
172 creatures vanquished.

Vanquished Creatures (collateral kills)
  3 gnolls (D:6)
3 creatures vanquished.

Vanquished Creatures (others)
  2 slaves (D:9)
  3 howler monkeys (D:9)
  A quasit (D:9)
6 creatures vanquished.

Grand Total: 181 creatures vanquished

Notes
Turn   | Place    | Note
-------+----------+-------------------------------------------
     0 | D:1      | nila the Merfolk Transmuter began the quest for the Orb.
     0 | D:1      | Reached XP level 1. HP: 15/15 MP: 3/3
   434 | D:1      | Reached XP level 2. HP: 14/21 MP: 3/5
   708 | D:1      | Reached skill level 4 in Unarmed Combat
  1225 | D:1      | Reached XP level 3. HP: 22/26 MP: 4/6
  1233 | D:1      | Learned a level 2 spell: Sticks to Snakes
  1237 | D:1      | Learned a level 3 spell: Spider Form
  1732 | D:2      | Noticed Terence
  3081 | D:3      | Reached XP level 4. HP: 29/32 MP: 5/7
  3138 | D:3      | Found a white marble altar of Elyvilon.
  3138 | D:3      | Found a glowing golden altar of the Shining One.
  3139 | D:3      | Found a glowing silver altar of Zin.
  3288 | D:3      | Noticed Sigmund
  3329 | D:4      | Noticed a centaur
  3393 | D:4      | Reached skill level 1 in Poison Magic
  3503 | D:4      | Found a snail-covered altar of Cheibriados.
  3644 | D:4      | Killed a centaur
  3644 | D:4      | Reached skill level 5 in Unarmed Combat
  3644 | D:4      | Reached XP level 5. HP: 9/37 MP: 6/8
  3922 | D:4      | Found a hide-covered altar of Uskayaw.
  4064 | D:4      | Noticed an ogre
  4318 | D:4      | Killed an ogre
  4318 | D:4      | Reached XP level 6. HP: 32/43 MP: 5/9
  5075 | D:5      | Entered Level 5 of the Dungeon
  5092 | D:5      | Found a staircase to the Ecumenical Temple.
  5117 | Temple   | Entered the Ecumenical Temple
  5167 | Temple   | Became a worshipper of Makhleb the Destroyer
  5590 | D:5      | Found Tineav's Weapon Emporium.
  5646 | D:5      | Reached skill level 5 in Dodging
  5646 | D:5      | Reached skill level 6 in Unarmed Combat
  5646 | D:5      | Reached XP level 7. HP: 35/48 MP: 6/10
  5793 | D:5      | Found a shimmering altar of Xom.
  6110 | D:6      | Found a shimmering blue altar of Sif Muna.
  6149 | D:6      | Found Ohuosuh's General Store.
  6162 | D:6      | Noticed Maggie
  6203 | D:6      | Reached skill level 5 in Transmutations
  6476 | D:6      | Learned a level 4 spell: Ice Form
  6524 | D:6      | Killed Maggie
  6524 | D:6      | Reached skill level 7 in Unarmed Combat
  6524 | D:6      | Reached skill level 1 in Ice Magic
  6524 | D:6      | Reached XP level 8. HP: 26/54 MP: 8/11
  6973 | D:6      | You fall into a shaft and drop 3 floors!
  6983 | D:9      | Noticed a hippogriff
  6991 | D:9      | Found Hysituum's Magic Scroll Shoppe.
  7045 | D:8      | Reached * piety under Makhleb
  7045 | D:8      | Reached skill level 8 in Unarmed Combat
  7050 | D:8      | Found a runed translucent gate.
  7051 | D:8      | Found a runed translucent gate.
  7091 | D:8      | Found Emeadeg's Antique Armour Shoppe.
  7649 | D:7      | Reached XP level 9. HP: 59/59 MP: 7/12
  7778 | D:6      | Reached skill level 9 in Unarmed Combat
  8738 | D:6      | Identified Sif Muna's Handbook of Toxins
  9010 | D:7      | Reached skill level 10 in Unarmed Combat
  9568 | D:7      | Found a stormy altar of Qazlal.
  9718 | D:8      | Noticed Psyche
  9733 | D:8      | Killed Psyche
  9991 | D:8      | Found a runed translucent gate.
 10034 | D:8      | Noticed WobbleTop's ghost (novice SpEn)
 10055 | D:8      | Reached ** piety under Makhleb
 10217 | D:8      | Reached skill level 11 in Unarmed Combat
 10406 | D:8      | Reached XP level 10. HP: 65/65 MP: 9/13
 10825 | D:9      | Noticed a two-headed ogre
 10847 | D:9      | Killed a two-headed ogre
 10847 | D:9      | Reached skill level 10 in Dodging
 11029 | D:9      | Bought a scroll of fear for 45 gold pieces
 11029 | D:9      | Bought a scroll of blinking for 97 gold pieces
 11029 | D:9      | Bought a scroll of enchant armour for 97 gold pieces
 11029 | D:9      | Bought a scroll of teleportation for 39 gold pieces
 11109 | D:9      | Reached skill level 12 in Unarmed Combat
 11234 | D:9      | Noticed Grum
 11258 | D:9      | Killed Grum
 11326 | D:9      | Noticed Pikel
 11340 | D:9      | Killed Pikel
 12079 | D:9      | Found an iron altar of Okawaru.
 12185 | D:9      | Reached skill level 13 in Unarmed Combat
 12939 | D:10     | Entered Level 10 of the Dungeon
 13002 | D:10     | Noticed Joseph
 13016 | D:10     | Reached XP level 11. HP: 70/70 MP: 9/14
 13054 | D:10     | Noticed a two-headed ogre
 13061 | D:10     | Demolished by a two-headed ogre

Illustrated notes

Levels and vault maps discovered:
D:1:      mrwooster_arrival_statue_2, layout_basic
D:2:      layout_basic, uniq_terence
D:3:      layout_basic, good_gods_temple_1, first_ration,
          minmay_misc_feat_four_crosses, uniq_sigmund
D:4:      layout_gridville, kennysheep_little_box, kennysheep_slug_shrine
D:5:      layout_basic, lemuel_doored_altar, minmay_temple_entry_arrows,
          serial_shops, nicolae_shop_temple_entry_statues_fountains
D:6:      layout_loops_corners, led_sif_book, serial_shops, shop,
          kennysheep_another_room, uniq_maggie
D:7:      layout_basic, lemuel_coloured_pillars_altar,
          minmay_fractal_squares_diagonal_5
D:8:      layout_basic, gammafunk_ghost_split, serial_shops, shop, uniq_maurice,
          uniq_psyche
D:9:      minmay_inner_zag, layout_irregular_city, old_standard_altar,
          serial_shops, nicolae_shop_crystal, uniq_pikel, uniq_grum
D:10:     layout_stronghold, the_bakery, uniq_nergalle, uniq_joseph, uniq_urug
Temple:   cyrus_circular_temple

Skill      XL: |  1  2  3  4  5  6  7  8  9 10 |
---------------+-------------------------------+-----
Dodging        | 3 4 5 6 7 9 11 | 11.0
Unarmed Combat | 4 5 6 7 8 11 13 | 13.2
Transmutations | 3 4 5 6 7 |  7.8
Poison Magic   | 2 3 |  3.0
Ice Magic      | 1 3 |  3.2
Fighting       | |  1.1
Spellcasting   | |  2.0

Action                   |  1- 3 |  4- 6 |  7- 9 | 10-12 || total
-------------------------+-------+-------+-------+-------++-------
Melee: Unarmed           |   154 |   105 |   286 |   153 ||   698
       Headbutt          |    11 |    19 |     1 |     1 ||    32
       Punch             |     1 |     2 |     2 |     1 ||     6
       Tailslap          |       |     1 |     1 |       ||     2
 Cast: Beastly Appendage |    28 |    13 |     3 |     2 ||    46
       Spider Form       |       |     7 |    41 |    17 ||    65
       Sticks to Snakes  |       |       |     3 |       ||     3
       Ice Form          |       |       |     1 |     7 ||     8
 Abil: End Transformatio |       |     4 |    28 |    14 ||    46
Evoke: Wand              |       |       |     2 |     9 ||    11
  Use: Scroll            |    13 |     4 |    10 |     4 ||    31
       Potion            |     2 |     4 |     1 |     2 ||     9
 Stab: Sleeping          |       |     1 |     1 |       ||     2
       Distracted        |       |       |       |     1 ||     1
  Eat: Chunk             |     8 |     1 |    11 |     7 ||    27
       Ration            |       |     2 |     3 |     2 ||     7
Armor: Robe              |    21 |     4 |       |       ||    25
       Skin              |       |     1 |     9 |     7 ||    17
       Steam dragon scal |       |       |     9 |     6 ||    15
Dodge: Dodged            |    98 |    58 |   239 |   143 ||   538

Table legend:
 A = Non-vault XP
 B = Vault XP
 C = Vault XP percentage of total XP
 D = Non-vault monster count
 E = Vault monster count
 F = Vault count percentage of total count
                 A         B        C        D         E       F
            +---------+---------+-------+---------+---------+-------
      Total |    6670 |    2557 |  27.7 |     157 |      17 |   9.8
            +---------+---------+-------+---------+---------+-------
        D:1 |      42 |       0 |   0.0 |      20 |       0 |   0.0
        D:2 |      28 |       0 |   0.0 |      14 |       0 |   0.0
        D:3 |      21 |       0 |   0.0 |       9 |       0 |   0.0
        D:4 |     387 |       4 |   1.0 |      17 |       1 |   5.6
        D:5 |     218 |       0 |   0.0 |       7 |       0 |   0.0
        D:6 |    1198 |     480 |  28.6 |      29 |       3 |   9.4
        D:7 |     772 |     174 |  18.4 |      16 |       4 |  20.0
        D:8 |     916 |     439 |  32.4 |      14 |       1 |   6.7
        D:9 |    2880 |    1460 |  33.6 |      29 |       8 |  21.6
       D:10 |     208 |       0 |   0.0 |       2 |       0 |   0.0
            +---------+---------+-------+---------+---------+-------
